 Dungeon Crawl Stone Soup version 0.27.1-33-g824d729ab1 (webtiles) character file.

Game seed: 13710483572801416173

3688 McKennaii the Destroyer (level 9, -3/93 HPs)
             Began as a Demigod Conjurer on Dec 3, 2021.
             Shot with a bolt by an orc warrior (8 damage)
             ... in a bailey.
             The game lasted 00:18:13 (10310 turns).

McKennaii the Destroyer (Demigod Conjurer)         Turns: 10310, Time: 00:18:14

Health: -3/93      AC: 24    Str:  8    XL:     9   Next: 59%
Magic:  12/20      EV:  2    Int: 32    God:
Gold:   399        SH:  7    Dex: 12    Spells: 11/18 levels left

rFire    + . .     SeeInvis .   p - staff of fire
rCold    . . .     Faith    .   u - +2 buckler
rNeg     + + +     Spirit   .   (armour currently unavailable)
rPois    +         Reflect  .   (helmet currently unavailable)
rElec    .         Harm     .   (cloak currently unavailable)
rCorr    .         Rampage  .   (gloves currently unavailable)
Will     .....     NoTele   +   (boots currently unavailable)
Stlth    ++........             (no amulet)
HPRegen  0.25/turn              c - ring of wizardry
MPRegen  0.17/turn              r - +4 ring of evasion

@: tree-form
A: stationary, stasis, torment immunity, boosted hp, high mp 1, forlorn
a: no special abilities


You were in a bailey.
You were a tree.
You visited 1 branch of the dungeon, and saw 11 of its levels.
You also visited: Bailey.

You collected 399 gold pieces.

Inventory:

Armour
 a - a +0 robe (melded)
 l - a +2 hat (melded)
 u - a +2 buckler (worn)
 B - a +0 cloak (melded)
Magical Staves
 p - a staff of fire (weapon)
Jewellery
 c - a ring of wizardry (left branch)
 m - a ring of wizardry
 r - a +4 ring of evasion (right branch)
Wands
 y - a wand of polymorph (9)
 A - a wand of digging (6)
Scrolls
 b - 5 scrolls of teleportation {unknown}
 d - 2 scrolls of magic mapping {unknown}
 e - 5 scrolls of immolation {unknown}
 h - 10 scrolls of identify {unknown}
 i - 4 scrolls of amnesia {unknown}
 k - 2 scrolls of noise {unknown}
 o - 3 scrolls of vulnerability {unknown}
 q - 2 scrolls of enchant armour {unknown}
 s - a scroll of silence {unknown}
Potions
 f - 6 potions of lignification
 g - a potion of magic {unknown}
 j - 2 potions of heal wounds {unknown}
 n - 2 potions of brilliance {unknown}
 t - 2 potions of might {unknown}
 v - a potion of curing {unknown}
 w - a potion of ambrosia {unknown}
 x - 2 potions of flight {unknown}
 z - a potion of berserk rage {unknown}


   Skills:
 - Level 6.0 Dodging
 - Level 3.0 Stealth
 - Level 4.0 Shields
 + Level 5.1 Spellcasting
 - Level 10.0 Conjurations
 + Level 0.7 Translocations


You had 11 spell levels left.
You knew the following spells:

 Your Spells              Type           Power      Damage    Failure   Level
a - Magic Dart            Conj           100%       1d8       1%          1
b - Searing Ray           Conj           100%       3d7       1%          2
c - Iskenderun's Mystic   Conj/Tloc      42%        2d10      2%          4

Your spell library contained the following spells:

 Spells                   Type           Power      Damage    Failure   Level
 Animate Skeleton         Necr           16%        N/A       1%          1
 Beastly Appendage        Tmut           16%        N/A       1%          1
 Pain                     Necr           32%        1d5       1%          1
 Shock                    Conj/Air       100%       1d9       1%          1
 Dazzling Flash           Conj/Hex       80%        N/A       1%          3
 Mephitic Cloud           Conj/Pois/Air  29%        N/A       1%          3
 Fulminant Prism          Conj/Hex       20%        3d13      2%          4
 Call Imp                 Summ           8%         N/A       3%          2
 Wereblood                Tmut           8%         N/A       3%          2
 Spider Form              Tmut/Pois      4%         N/A       6%          3
 Swiftness                Air            8%         N/A       6%          3
 Vampiric Draining        Necr           4%         2d6       6%          3
 Airstrike                Air            4%         N/A       21%         4


Dungeon Overview and Level Annotations

Branches:
Dungeon (11/15)            Temple (0/1) D:7          Bailey (1/1)
   Lair: D:8-11         Orc: D:9-12

Shops:
D:6 *


Innate Abilities, Weirdness & Mutations

You are a tree.
Your roots penetrate the ground, keeping you stationary.
You cannot be teleported.
You are immune to unholy pain and torment.
Your maximum health is greatly increased.
Your equipment is partially melded.
Your attributes grow dramatically as you level up.
You have an increased reservoir of magic. (+10% MP)
You shall have no god before yourself.


Message History

Casting: Magic Dart (safe; 1% risk of failure)
Confirm with . or Enter, or press ? or * to list all spells.
You can't see any susceptible monsters within range! (Use Z to cast anyway.) Unknown command.
It was a potion of lignification.
You turn into a tree.
Your +0 cloak melds into your body.
Your +2 hat melds into your body.
Your +0 robe melds into your body.
Your roots penetrate the ground.
Casting: Magic Dart (safe; 1% risk of failure)
Confirm with . or Enter, or press ? or * to list all spells.
Aiming: Searing Ray (safe; 1% risk of failure)
Press: ? - help, Shift-Dir - straight line, f/p - orc warrior
Aim: an orc warrior, wielding a +0 arbalest, wearing a +0 ring mail and quivering bolts (79% to hit)
The searing ray hits the orc warrior!
The orc warrior is moderately wounded. (Press . to maintain the ray.)
The orc warrior shoots a bolt.
The bolt hits you but does no damage.
The searing ray hits the orc warrior.
The orc warrior is moderately wounded.
The orc warrior shoots a bolt.
You block the bolt.
The searing ray hits the orc warrior.
The orc warrior is heavily wounded.
The orc warrior shoots a bolt.
The bolt hits you.
* * * LOW HITPOINT WARNING * * *
The searing ray hits the orc warrior.
The orc warrior is heavily wounded.
You finish channeling your searing ray.
The orc warrior shoots a bolt.
The bolt hits you but does no damage.
Casting: Searing Ray (safe; 1% risk of failure)
Confirm with . or Enter, or press ? or * to list all spells.
Aiming: Searing Ray (safe; 1% risk of failure)
Press: ? - help, Shift-Dir - straight line, f/p - orc warrior
Aim: an orc warrior, wielding a +0 arbalest, wearing a +0 ring mail and quivering bolts (heavily wounded, 79% to hit)
The searing ray misses the orc warrior. (Press . to maintain the ray.)
The orc warrior shoots a bolt.
The bolt hits you!
* * * LOW HITPOINT WARNING * * *
The searing ray hits the orc warrior!
The orc warrior is severely wounded.
The orc warrior shoots a bolt.
The bolt hits you!
You die...

#.. .≈≈≈≈ .....
... .#.# ≈).....
.... #∩.##≈......#
....≈ .^.o≈o.....#
....≈##)##≈......#
....≈≈#.#≈≈......#
.....≈≈≈≈≈.......#
........♣........#
.................#
.................#
.................#
...............∩.#
................∩#
##################


You could see an orc warrior.

Vanquished Creatures
  A cyclops (D:11)
  The ghost of Terracrafty the Twirler, an amateur GrGl (D:4)
  3 steam dragons
  Grum (D:8)
  2 water moccasins
  2 black bears (D:6)
  A sky beast (D:6)
  2 ice beasts
  2 orc warriors
  4 wolves (D:8)
  2 centaurs
  2 phantoms
  2 bullfrogs (D:8)
  A scorpion (D:7)
  A wyvern zombie (D:8)
  3 howler monkeys
  A bullfrog zombie (D:4)
  A centaur zombie (D:7)
  4 jellies
  3 hounds
  2 orc priests (D:9)
  2 bullfrog skeletons
  2 centaur skeletons
  3 iguanas
  4 orc wizards
  A gnoll (D:4)
  4 adders
  4 howler monkey skeletons
  An adder skeleton (D:4)
  A worm (D:4)
  A dart slug (D:2)
  12 orcs
  2 bats (D:2)
  A bat zombie (D:1)
  6 endoplasms
  2 giant cockroaches
  10 goblins
  9 hobgoblins
  2 jackals (D:4)
  7 kobolds
  3 quokkas
  2 ball pythons (D:1)
  4 frilled lizards
  A giant cockroach zombie (D:1)
  11 rats
136 creatures vanquished.

Vanquished Creatures (others)
  A goblin (D:9)
  3 plants (D:7)
4 creatures vanquished.

Grand Total: 140 creatures vanquished

Notes
Turn   | Place    | Note
-------+----------+-------------------------------------------
     0 | D:1      | McKennaii the Demigod Conjurer began the quest for the Orb.
     0 | D:1      | Reached XP level 1. HP: 14/14 MP: 5/5
   608 | D:1      | Reached XP level 2. HP: 20/20 MP: 5/7
  1581 | D:2      | Learned a level 2 spell: Searing Ray
  1722 | D:2      | Reached skill level 4 in Conjurations
  1767 | D:2      | Reached XP level 3. HP: 26/26 MP: 4/8
  2908 | D:3      | Reached XP level 4. HP: 6/33 MP: 2/10
  3165 | D:4      | Noticed an orc warrior
  4067 | D:4      | Noticed a steam dragon
  4073 | D:4      | Killed a steam dragon
  4074 | D:4      | Reached skill level 5 in Conjurations
  4074 | D:4      | Reached XP level 5. HP: 5/38 MP: 4/13
  4364 | D:4      | Learned a level 4 spell: Iskenderun's Mystic Blast
  4896 | D:4      | Found a transporter.
  4898 | D:4      | Found a transporter.
  4898 | D:4      | Noticed Terracrafty's ghost (amateur GrGl)
  4902 | D:4      | Reached XP level 6. HP: 45/45 MP: 11/14
  5197 | D:5      | Entered Level 5 of the Dungeon
  6065 | D:4      | Reached skill level 6 in Conjurations
  6372 | D:4      | Reached XP level 7. HP: 46/50 MP: 12/17
  6480 | D:4      | Killed Terracrafty's ghost
  6481 | D:4      | Reached skill level 5 in Spellcasting
  6719 | D:6      | Reached skill level 7 in Conjurations
  6974 | D:6      | Reached skill level 8 in Conjurations
  6974 | D:6      | Reached XP level 8. HP: 57/57 MP: 12/19
  7743 | D:6      | Found Ebuz's Neck Hole.
  8151 | D:7      | Reached skill level 9 in Conjurations
  8870 | D:7      | Found a staircase to the Ecumenical Temple.
  9078 | D:8      | Reached skill level 10 in Conjurations
  9178 | D:8      | Reached XP level 9. HP: 55/62 MP: 8/20
  9289 | D:8      | Noticed Grum
  9296 | D:8      | Killed Grum
  9499 | D:8      | Reached skill level 5 in Dodging
  9949 | D:9      | You fall into a shaft and drop 2 floors!
  9949 | D:11     | Noticed a cyclops
  9957 | D:11     | Killed a cyclops
 10001 | D:10     | Entered Level 10 of the Dungeon
 10103 | D:9      | Found a flagged portal.
 10161 | Bailey   | Entered a bailey
 10310 | Bailey   | Shot with a bolt by an orc warrior

Illustrated notes

Levels and vault maps discovered:
D:1:      saegor_arrival_fortress, layout_basic
D:2:      layout_basic, basic_altar, shapermc_ecumenical_altar_mp_vishouse,
          kennysheep_minor_cross, lemuel_flame_loot_1
D:3:      layout_rooms, chequers_mini_garden, kennysheep_generic_room_4
D:4:      layout_loops_ring, gammafunk_ghost_mausoleum,
          chequers_serial_rivers_micro_e, hangedman_decor_peaks_small,
          minmay_box_of_dots
D:5:      layout_rooms
D:6:      layout_loops_corners, nicolae_shop_sticking_my_neck_out
D:7:      layout_gridville, grunt_dithmenos_smoke_and_mirrors, temple_pool_b,
          serial_bayou_pond_e
D:8:      layout_rooms, dk_noncrumbling_2, uniq_grum
D:9:      layout_basic, enter_bailey_3
D:10:     layout_roguey
D:11:     layout_basic, minmay_lair_entry_grove, gammafunk_ghost_necromancy,
          gauntlet_entry_generic, minmay_fractal_squares_gapless_5, uniq_maurice
Bailey:   bailey_polearm_2, bailey

Skill      XL: |  1  2  3  4  5  6  7  8  9 |
---------------+----------------------------+-----
Stealth        | 2 3 |  3.0
Spellcasting   | 2 3 4 5 |  5.1
Conjurations   | 4 5 6 8 10 | 10.0
Dodging        | 3 6 |  6.0
Shields        | 4 |  4.0
Translocations | |  0.7

Action                   |  1- 3 |  4- 6 |  7- 9 || total
-------------------------+-------+-------+-------++-------
Melee: Unarmed           |    17 |     7 |     1 ||    25
       Staff             |       |       |     2 ||     2
 Cast: Magic Dart        |    86 |    96 |   169 ||   351
       Searing Ray       |     2 |     7 |    28 ||    37
       Iskenderun's Myst |       |     4 |     3 ||     7
  Use: Potion            |       |       |     1 ||     1
Armor: Robe              |     6 |     8 |    14 ||    28
       Skin              |       |       |     2 ||     2
Dodge: Dodged            |    19 |    52 |    73 ||   144
Block: Buckler           |       |       |     5 ||     5
